 Dungeon Crawl Stone Soup version 0.30-b1-2-g02819fbbbe (webtiles) character file.

Game seed: 12612179287872123023

169706 baljet the Spry (level 16, -1/79 HPs)
             Began as a Felid Summoner on June 7, 2023.
             Was an Initiate of Gozag.
             Slain by a +3 heavy long sword (14 damage)
             ... on level 2 of the Elven Halls on June 8, 2023.
             The game lasted 05:36:46 (43695 turns).

baljet the Spry (Felid Summoner)                   Turns: 43695, Time: 05:36:46

Health: -1/79      AC: 17    Str:  8    XL:     16   Next: 78%
Magic:  27/32      EV: 47    Int: 26    God:    Gozag
Gold:   4880       SH:  0    Dex: 28    Spells: 3/37 levels left
                                        Lives:  0   Deaths: 5

rFire   + .          .
                       - Unarmed
rCold   + . .        (shield unavailable)
rNeg    + . .        (body armour unavailable)
rPois   ∞            (helmet unavailable)
rElec   +            (cloak unavailable)
rCorr   .            (gloves unavailable)
SInv    +            (boots unavailable)
Will    +++..        S - amulet "Tujo" {RegenMP Regen+ Str+4 Dex+5}
Stlth   +++          B - ring of Lust {rElec rPois Will+ Dex+3}
HPRegen 1.13/turn    Q - ring "Kaulyxam" {rF+ rC+ rN+ Int+3 Dex+2}
MPRegen 0.63/turn

%: no passive effects
@: storm-form, flying, studying 2 skills
A: cleaving, insubstantial, flying, very small, (claws 1), (fangs 3), see
invisible, (speed 1), (shaggy fur 3), (stealthy paws), no weapons or thrown
items, no armour, multi-lived
}: 2/15 runes: barnacled, gossamer
a: Blinkbolt, End Transformation, Renounce Religion, Potion Petition, Call
Merchant, Bribe Branch


You were on level 2 of the Elven Halls.
You worshipped Gozag.
Gozag was most pleased with you.
You were a lightning-filled tempest!
You visited 7 branches of the dungeon, and saw 33 of its levels.
You also visited: Trove and Bailey.

You collected 13154 gold pieces.
You spent 4442 gold pieces at shops.
You paid 3832 gold pieces to Gozag.

Inventory:

Jewellery
 e - an amulet of guardian spirit
 f - a +5 ring of evasion
 j - a ring of resist corrosion
 t - a ring of the Octopus King {rF+ HP+2 AC+2 EV+2 SH+2}
   (You bought it in a shop on level 8 of the Dungeon)

   [ring of protection from fire]

   AC:        It affects your AC (+2).
   EV:        It affects your evasion (+2).
   rF:        It protects you from fire.
   HP:        It affects your health (+2).
   SH:        It affects your SH (+2).
 B - the ring of Lust (left paw) {rElec rPois Will+ Dex+3}
   (You acquired it on level 1 of the Lair of Beasts)

   [ring of poison resistance]

   Dex:       It affects your dexterity (+3).
   rElec:     It insulates you from electricity.
   rPois:     It protects you from poison.
   Will:      It increases your willpower.
 C - the ring "Gewuab" {Fly AC+4 Int+4 Dex-2}
   (You acquired it on level 2 of the Lair of Beasts)

   [ring of protection]

   AC:        It affects your AC (+4).
   Int:       It affects your intelligence (+4).
   Dex:       It affects your dexterity (-2).
   Fly:       It grants you flight.
 I - a ring of positive energy
 L - a +4 ring of slaying
 M - the amulet of the Republic {Acrobat +Inv rF++ SInv}
   (You found it in a treasure trove)

   [amulet of the acrobat]

   It increases your evasion while moving and waiting.
   rF:        It greatly protects you from fire.
   SInv:      It lets you see invisible.
   +Inv:      It lets you turn invisible.
 P - an amulet of the acrobat
 Q - the ring "Kaulyxam" (right paw) {rF+ rC+ rN+ Int+3 Dex+2}
   (You found it in a treasure trove)

   [ring of protection from cold]

   Int:       It affects your intelligence (+3).
   Dex:       It affects your dexterity (+2).
   rF:        It protects you from fire.
   rC:        It protects you from cold.
   rN:        It protects you from negative energy.
 R - a +6 ring of dexterity
 S - the amulet "Tujo" (around neck) {RegenMP Regen+ Str+4 Dex+5}
   (You found it in a treasure trove)

   [amulet of magic regeneration]

   It increases your rate of magic regeneration.
   Str:       It affects your strength (+4).
   Dex:       It affects your dexterity (+5).
   Regen:     It increases your rate of health regeneration.
 T - the ring of Mutwin Koske {Fire Int-2 Dex+3 SInv}
   (You found it in a treasure trove)

   [ring of fire]

   It enhances your fire magic.
   Int:       It affects your intelligence (-2).
   Dex:       It affects your dexterity (+3).
   rF:        It protects you from fire.
   rC:        It makes you vulnerable to cold.
   SInv:      It lets you see invisible.
 U - a +6 ring of intelligence
 V - the ring of Xom's Best Wishes {Fly rN+ Dex+6}
   (You found it in a treasure trove)

   [ring of dexterity]

   Dex:       It affects your dexterity (+6).
   rN:        It protects you from negative energy.
   Fly:       It grants you flight.
Wands
 o - a wand of light (10)
 s - a wand of mindburst (18)
 E - a wand of charming (28)
 H - a wand of flame (18)
 J - a wand of iceblast (30)
 N - a wand of polymorph (2)
 O - a wand of digging (6)
Scrolls
 b - 3 scrolls of blinking
 k - 10 scrolls of amnesia
 n - 4 scrolls of vulnerability
 r - 19 scrolls of teleportation
 x - 2 scrolls of fear
 y - 3 scrolls of silence
 A - 4 scrolls of immolation
 D - 4 scrolls of poison
 G - 19 scrolls of identify
 K - 3 scrolls of magic mapping
 Y - a scroll of fog
Potions
 a - 4 potions of magic
 c - 9 potions of flight
 d - 21 potions of curing
 g - 12 potions of brilliance
 h - 7 potions of haste
 i - 4 potions of heal wounds
 l - 3 potions of mutation
 p - 5 potions of berserk rage
 q - 6 potions of cancellation
 u - 8 potions of lignification
 w - 8 potions of ambrosia
 z - 12 potions of attraction
 F - 2 potions of resistance
 W - 2 potions of invisibility
 Z - a potion of might
Miscellaneous
 m - a lightning rod (4/4)
 v - a box of beasts
 X - a piece from Xom's chessboard (15/15)


   Skills:
 + Level 14.0 Fighting
 + Level 17.9 Dodging
 - Level 2.6 Stealth
 * Level 6.4 Unarmed Combat
 - Level 11.0 Spellcasting
 - Level 8.0 Hexes
 + Level 12.5 Summonings
 - Level 5.0 Necromancy
 - Level 10.0 Translocations
 - Level 16.0 Transmutations
 * Level 14.5 Air Magic
 - Level 4.1 Earth Magic


You had 3 spell levels left.
You knew the following spells:

 Your Spells              Type           Power      Damage    Failure   Level
a - Anguish               Hex/Necr       24%        N/A       2%          4
b - Call Imp              Summ           100%       N/A       1%          2
c - Call Canine Familiar  Summ           68%        N/A       1%          3
d - Summon Guardian Gole  Hex/Summ       61%        N/A       1%          3
e - Summon Lightning Spi  Summ/Air       71%        N/A       1%          4
f - Summon Forest         Summ/Tloc      32%        N/A       1%          5
g - Storm Form            Tmut/Air       38%        N/A       7%          7
h - Blink                 Tloc           100%       N/A       1%          2
i - Manifold Assault      Tloc           60%        N/A       1%          4

Your spell library contained the following spells:

 Spells                   Type           Power      Damage    Failure   Level
 Wereblood                Tmut           78%        N/A       0%          2
 Necrotise                Necr           100%       1d9       1%          1
 Sandblast                Erth           70%        2d15      1%          1
 Slow                     Hex            100%       N/A       1%          1
 Summon Small Mammal      Summ           100%       N/A       1%          1
 Ensorcelled Hibernation  Hex/Ice        70%        N/A       1%          2
 Passwall                 Tmut/Erth      50%        N/A       1%          2
 Static Discharge         Conj/Air       100%       2-7/arc   1%          2
 Sublimation of Blood     Necr           40%        N/A       1%          2
 Confusing Touch          Hex            54%        N/A       1%          3
 Gell's Gravitas          Tloc           60%        N/A       1%          3
 Ignite Poison            Fire/Tmut/Pois 42%        N/A       1%          3
 Mephitic Cloud           Conj/Pois/Air  39%        N/A       1%          3
 Spider Form              Tmut/Pois      54%        N/A       1%          3
 Swiftness                Air            74%        N/A       1%          3
 Teleport Other           Tloc           60%        N/A       1%          3
 Tukima's Dance           Hex            54%        N/A       1%          3
 Vampiric Draining        Necr           40%        2d8       1%          3
 Inner Flame              Hex/Fire       35%        N/A       2%          3
 Magic Dart               Conj           56%        1d5       4%          1
 Stone Arrow              Conj/Erth      50%        3d10      5%          3
 Ozocubu's Armour         Ice            14%        N/A       12%         3
 Airstrike                Air            37%        2d(6-22)  1%          4
 Cause Fear               Hex            27%        N/A       1%          4
 Petrify                  Tmut/Erth      61%        N/A       1%          4
 Blade Hands              Tmut           39%        N/A       1%          5
 Yara's Violent Unravell  Hex/Tmut       33%        3d14      1%          5
 Leda's Liquefaction      Hex/Erth       22%        N/A       3%          4
 Irradiate                Conj/Tmut      27%        3d20      4%          5
 Dragon Form              Tmut           39%        N/A       4%          7
 Dispersal                Tloc           30%        N/A       11%         6
 Statue Form              Tmut/Erth      40%        N/A       11%         6
 Agony                    Necr           40%        N/A       14%         5
 Borgnjor's Vile Clutch   Necr/Erth      19%        N/A       19%         5
 Summon Hydra             Summ           34%        N/A       21%         7
 Lee's Rapid Deconstruct  Erth           17%        3d11*     22%         5
 Metabolic Englaciation   Hex/Ice        17%        N/A       22%         5
 Eringya's Noxious Bog    Tmut/Pois      27%        N/A       24%         6
 Malign Gateway           Summ/Tloc      32%        N/A       34%         7
 Sticky Flame             Conj/Fire      14%        2d4       38%         4
 Death Channel            Necr           20%        N/A       63%         6
 Enfeeble                 Hex            27%        N/A       78%         7
 Summon Horrible Things   Summ           34%        N/A       85%         8
 Ignition                 Fire           7%         3d4       100%        8
 Portal Projectile        Hex/Tloc       Unusable   N/A       N/A         3
 Animate Dead             Necr           Unusable   N/A       N/A         4
 Simulacrum               Ice/Necr       Unusable   N/A       N/A         6

Dungeon Overview and Level Annotations

Branches:
Dungeon (15/15)            Temple (1/1) D:4            Lair (5/5) D:10
 Shoals (4/4) Lair:2       Spider (4/4) Lair:3        Slime (0/5) Lair:4
    Orc (2/2) D:9             Elf (2/3) Orc:2        Vaults (0/5) D:14
 Depths (0/4) D:15         Bailey (visited)

Altars:
Dithmenos
Elyvilon
Gozag
Kikubaaqudgha
Nemelex Xobeh
Qazlal
Ru
Sif Muna
Trog
Uskayaw
Wu Jian
Xom
Yredelemnul
Zin
The Shining One
Jiyva

Shops:
D:1 =   D:6 =   D:8 ==   D:12 :   D:13 [=:   Orc:2 *([[   Elf:1 !*[(   Lair:1 =
Lair:2 ::   Lair:5 :

Portals:
Abyss: Lair:4
Ice
Cave: Elf:2

Annotations:
Lair:4 2 transporters, Lodigg's ghost, journeyman FoFi
Spider:2 2 transporters
Spider:3 2 transporters, exclusion: downstairs, Zosacw's ghost, adept HaHu


Innate Abilities, Weirdness & Mutations

You are a lightning-filled tempest!
Your electrical attacks strike out in all directions at once.
You are incredibly evasive.
Your insubstantial body is immune to petrification, constriction, and being set on fire You are flying.
You are immune to poison.
((You have sharp claws.))
((You have razor-sharp teeth.))
You have supernaturally acute eyesight. (SInv)
((You cover ground quickly. (Speed+)))
((Your thick and shaggy fur keeps you warm. (AC +3, rC+)))
((Your paws help you pounce on unaware monsters.))
You are incapable of wielding weapons or throwing items.
You cannot wear armour.
You gain extra lives every three experience levels.


Message History

Casting: Summon Lightning Spire (safe; 1% risk of failure)
Confirm with . or Enter, or press ? or * to list all spells.
A guardian golem appears, shielding your allies.
The +3 heavy long sword is engulfed in blazing flames.
The +3 heavy long sword is engulfed in blazing flames.
The +3 heavy long sword hits your guardian golem!
The +3 heavy long sword hits your guardian golem!
The +3 heavy long sword is engulfed in blazing flames.
The +3 heavy long sword hits your guardian golem!
The +3 heavy long sword hits your guardian golem!!
Your guardian golem is destroyed!
Your guardian golem disappears in a puff of smoke!
Casting: Summon Guardian Golem (safe; 1% risk of failure)
Confirm with . or Enter, or press ? or * to list all spells.
A guardian golem appears, shielding your allies.
The +3 heavy long sword is engulfed in blazing flames.
The +3 heavy long sword hits you!
* * * LOW HITPOINT WARNING * * *
The +3 heavy long sword hits you!
* * * LOW HITPOINT WARNING * * *
The +3 heavy long sword completely misses you.
You hit the +3 heavy long sword but do no damage.
The +3 heavy long sword is severely damaged.
The +3 heavy long sword barely misses you.
The +3 heavy long sword completely misses you.
There is an open door here.
You barely miss the +3 heavy long sword.
The +3 heavy long sword is severely damaged.
You hear the crackling of a melting archway nearby.
The +3 heavy long sword completely misses you.
You barely miss the +3 heavy long sword.
The +3 heavy long sword is severely damaged.
The +3 heavy long sword is engulfed in blazing flames.
The +3 heavy long sword hits you!
* * * LOW HITPOINT WARNING * * *
You feel better.
Your lightning spire disappears in a puff of smoke!
The +3 heavy long sword hits you!
You die...
Your body crumbles into a pile of gold.

#.........###.
#.........'.'.
######.........###>
#...#####...#### #.
##§..## #...# ##
#.....# #...# #.
##.9.## ##### ###.
+.(.'## #...
##v##.## #.#[
#°###.## ##..# #.#
##.#######.#.# #.#
##.##.##.##.. #.#
##'...'##### #.#
#♣..)..## # #<#
#.).....# # #.#
#♣'♣....## # #.#
♣♣.##...## ##


You could see a +3 heavy long sword (ally target) and a friendly guardian golem
(summoned).

Vanquished Creatures
  3 sphinxes (Shoals:4)
  A ghost moth (Spider:2)
  A broodmother (Spider:3)
  A minotaur (Shoals:4)
  A merfolk javelineer (Shoals:4)
  A deep elf high priest (Elf:2)
  10 satyrs (Shoals:4)
  A merfolk aquamancer (Shoals:4)
  8 dancing weapons
  2 deep elf knights
  A pharaoh ant (Spider:4)
  A sun moth (Spider:4)
  2 sea snakes (Shoals:4)
  2 orb spiders (Spider:4)
  A deep elf archer (Elf:1)
  5 deep elf pyromancers
  7 harpies
  6 deep elf zephyrmancers
  An orc sorcerer (Elf:1)
  3 wolf spiders (Spider:4)
  A cyclops (Shoals:4)
  3 fauns (Shoals:4)
  4 manticores (Shoals:4)
  A centaur skeleton (D:14)
  3 hornets (Spider:4)
  7 merfolk
  A wind drake (Shoals:4)
  3 tarantellas
  2 snapping turtles (Shoals:4)
  3 culicivoras (Spider:4)
  5 water elementals
  2 jumping spiders (Spider:4)
  A fire elemental (Elf:1)
  A basilisk (D:14)
  5 redbacks (Spider:4)
  An orc warrior (Orc:2)
  An earth elemental (Elf:1)
  3 electric eels
  2 howler monkeys
  A gnoll (D:8)
  4 orcs
  A bat (D:1)
  An endoplasm (D:1)
  5 goblins
  4 hobgoblins
  2 jackals (D:1)
  3 quokkas (D:1)
  3 frilled lizards (D:1)
  A kobold (D:2)
  3 rats
135 creatures vanquished.

Vanquished Creatures (collateral kills)
  Mara (Shoals:4)
  Nikola (Shoals:1)
  Polyphemus (Shoals:3)
  A kraken (Shoals:2)
  Gastronok (Lair:3)
  Kirke (Shoals:1)
  Roxanne (Spider:4)
  3 emperor scorpions
  A ghost moth (Spider:3)
  Louise (Shoals:3)
  2 orc warlords
  A dire elephant (Lair:5)
  A minotaur (Orc:2)
  A spark wasp (Spider:4)
  2 merfolk impalers
  2 entropy weavers
  The ghost of LLlMATKO the Nimble, a journeyman MiBe of Trog (D:12)
  A rakshasa (D:15)
  Erolcha (Orc:1)
  3 hydras
  An ogre mage (D:15)
  A radroach (Spider:4)
  A jorogumo (Spider:2)
  3 merfolk avatars (Shoals:2)
  5 catoblepae
  3 centaur warriors (D:14)
  2 boulder beetles
  Erica (Lair:2)
  14 death yaks
  3 satyrs
  2 dancing weapons
  2 two-headed ogres
  A tengu warrior (D:15)
  Nergalle (Lair:3)
  A skeletal warrior (D:14)
  A fire crab (Shoals:2)
  2 skysharks (Shoals:2)
  3 sea snakes
  5 pharaoh ants
  A sun moth (Spider:3)
  9 orb spiders
  A glowing orange brain (D:15)
  A steelbarb worm (Spider:2)
  2 deep elf archers
  10 harpies
  3 orc knights
  A lindwurm (Lair:5)
  10 ugly things
  3 deep elf zephyrmancers
  11 manticores
  4 deep elf pyromancers
  3 orc sorcerers
  7 fauns
  7 wolf spiders
  2 cyclopes
  2 moths of wrath
  6 elephants
  2 black mambas
  7 merfolk sirens
  4 demonic crawlers (Spider:4)
  9 torpor snails
  12 cane toads
  3 water nymphs
  2 unseen horrors
  10 rime drakes
  2 centaur skeletons (D:14)
  A gargoyle (D:14)
  Maggie (D:9)
  A yaktaur (D:15)
  An efreet (D:15)
  The ghost of Fartwhistle the Changer, a novice OpTm of Cheibriados (D:5)
  3 komodo dragons
  3 polar bears
  2 wind drakes
  13 merfolk
  A tyrant leech (Lair:5)
  A meliai (D:15)
  3 trolls
  21 tarantellas
  4 blink frogs
  5 hornets
  2 snapping turtles (Shoals:2)
  7 dream sheep
  2 dream sheep (shapeshifter)
  9 jumping spiders
  3 slime creatures
  A shadow (D:10)
  8 culicivoras
  Sigmund (D:3)
  3 water elementals
  7 basilisks
  A wraith (D:13)
  2 wyverns
  A wyvern (shapeshifter) (D:15)
  4 hogs (Shoals:1)
  19 yaks
  9 vampire mosquitoes
  2 fire bats (Shoals:2)
  12 redbacks
  9 steam dragons
  Menkaure (D:5)
  4 wargs
  An acid dragon (Lair:3)
  15 water moccasins
  An ice beast (D:6)
  A black bear (Lair:4)
  29 orc warriors
  A sky beast (D:7)
  4 ogres
  4 wolves
  15 centaurs
  A phantom (D:3)
  10 bullfrogs
  3 scorpions (D:6)
  A gnoll sergeant (D:8)
  2 wights
  5 killer bees
  A nameless horror (Orc:2)
  4 howler monkeys
  5 jellies
  2 hounds (D:6)
  21 orc priests
  3 gnoll boudas (D:12)
  Jessica (D:2)
  An iguana (D:4)
  27 orc wizards
  2 hell rats
  20 gnolls
  9 adders
  A shadow imp (D:3)
  2 white imps (D:6)
  2 ufetubi (D:5)
  2 worms (D:2)
  4 dart slugs
  91 orcs
  3 bats
  8 endoplasms
  3 giant cockroaches
  10 goblins
  7 hobgoblins
  6 jackals
  A quokka (D:5)
  3 ball pythons
  2 frilled lizards (D:2)
  21 kobolds
  A bush (Lair:5)
  A snaplasher vine (Spider:4)
738 creatures vanquished.

Vanquished Creatures (others)
  Frances (D:13)
  The ghost of Anuqaetage the Severer, an adept HOFi of Beogh (Spider:4)
  Donald (Shoals:1)
  Ilsuiw (Shoals:3)
  A ghost moth (Spider:4)
  A spark wasp (Spider:1)
  A merfolk javelineer (Shoals:3)
  The ghost of ioannis32 the Cruncher, a journeyman DsBe of Trog (D:12)
  A fire dragon (Lair:5)
  4 jorogumos
  2 boulder beetles
  5 hydras
  4 satyrs (Shoals:4)
  An alligator snapping turtle (Shoals:2)
  12 death yaks
  5 two-headed ogres
  The ghost of arta456 the Thaumaturge, a journeyman DECj of Vehumet (Orc:2)
  5 skysharks
  3 sea snakes
  2 pharaoh ants
  2 orb spiders
  2 lindwurms (Lair:5)
  A wizard (D:14)
  An orc knight (Orc:2)
  3 harpies
  2 steelbarb worms
  3 ugly things (D:15)
  5 wolf spiders
  4 fauns
  3 manticores (Shoals:3)
  A merfolk siren (Shoals:3)
  5 elephants
  4 black mambas
  3 demonic crawlers
  A torpor snail (Lair:2)
  8 cane toads
  A centaur skeleton (D:14)
  6 rime drakes
  6 komodo dragons
  2 meliai (D:15)
  A wind drake (Shoals:3)
  A queen bee (D:10)
  2 trolls
  3 tyrant leeches (Lair:5)
  5 merfolk
  Grinder (D:3)
  3 tarantellas
  3 polar bears
  5 hornets
  A blink frog (Lair:2)
  4 dream sheep (Lair:5)
  5 snapping turtles
  4 jumping spiders
  6 culicivoras
  31 yaks
  A shadow (D:10)
  A wyvern (D:10)
  4 water elementals
  2 basilisks
  A vampire (D:10)
  6 redbacks
  6 steam dragons (Lair:3)
  A vampire mosquito (D:13)
  2 water moccasins
  An acid dragon (D:10)
  7 orc warriors
  An ice beast (D:6)
  6 wolves
  8 ogres
  3 centaurs
  2 kobold brigands (D:10)
  5 bullfrogs
  Blork the orc (D:5)
  6 wights
  21 killer bees (D:10)
  A jelly (D:14)
  A hound (D:4)
  Crazy Yiuf (D:5)
  An orc priest (D:7)
  A sleepcap (D:6)
  4 gnoll boudas
  2 iguanas
  An orc wizard (D:7)
  9 gnolls
  An adder (D:5)
  2 orcs (D:8)
  2 kobolds (D:10)
  A bush (Lair:4)
  47 fungi
  131 plants
  52 snaplasher vines
  6 tentacles (Shoals:2)
  A withered plant (Shoals:3)
540 creatures vanquished.

Grand Total: 1413 creatures vanquished

Notes
Turn   | Place    | Note
-------+----------+-------------------------------------------
     0 | D:1      | baljet the Felid Summoner began the quest for the Orb.
     0 | D:1      | Reached XP level 1. HP: 7/7 MP: 4/4
    93 | D:1      | Reached XP level 2. HP: 6/11 MP: 1/6
   163 | D:1      | Learned a level 2 spell: Call Imp
   254 | D:1      | Found Unteana's Jewellery Emporium.
   558 | D:1      | Reached XP level 3. HP: 14/14 MP: 5/8
   562 | D:1      | Learned a level 3 spell: Call Canine Familiar
  1159 | D:2      | Noticed Jessica
  1194 | D:2      | Killed Jessica
  1195 | D:2      | Reached skill level 5 in Summonings
  1195 | D:2      | Reached XP level 4. HP: 18/18 MP: 3/9
  1199 | D:2      | Learned a level 3 spell: Summon Guardian Golem
  1781 | D:3      | Noticed a phantom
  1793 | D:3      | Slain by a phantom
  1794 | D:3      | Reached XP level 3. HP: 0/14 MP: 6/8
  1944 | D:3      | Noticed Grinder
  1991 | D:3      | Killed Grinder
  1992 | D:3      | Reached XP level 4. HP: 18/18 MP: 9/11
  1992 | D:3      | Reached XP level 5. HP: 21/21 MP: 9/12
  2044 | D:3      | Killed a phantom
  2045 | D:3      | Gained mutation: You are covered in thick fur. (AC +2)
                  | [Felid growth]
  2045 | D:3      | Reached XP level 6. HP: 24/24 MP: 13/13
  2065 | D:3      | Noticed Sigmund
  2115 | D:3      | Killed Sigmund
  2166 | D:3      | Found a shadowy altar of Dithmenos.
  2166 | D:3      | Found a hide-covered altar of Uskayaw.
  2166 | D:3      | Found an ancient bone altar of Kikubaaqudgha.
  2400 | D:3      | Found a shimmering blue altar of Sif Muna.
  2400 | D:3      | Found a shimmering altar of Xom.
  3048 | D:4      | Reached XP level 7. HP: 27/27 MP: 15/15
  3057 | D:4      | Learned a level 4 spell: Summon Lightning Spire
  3325 | D:4      | Reached skill level 5 in Hexes
  3565 | D:4      | Found a staircase to the Ecumenical Temple.
  3572 | Temple   | Entered the Ecumenical Temple
  3626 | Temple   | Became a worshipper of Gozag Ym Sagoz the Greedy
  3746 | D:4      | Reached skill level 1 in Air Magic
  3787 | D:4      | Reached skill level 5 in Spellcasting
  4148 | D:5      | Entered Level 5 of the Dungeon
  4531 | D:5      | Noticed Blork the orc
  4532 | D:5      | Noticed a yak
  4543 | D:5      | Shot with an arrow by a centaur
  4543 | D:5      | Killed a yak
  4544 | D:5      | Reached XP level 6. HP: -6/24 MP: 9/14
  4544 | D:5      | Reached XP level 7. HP: 27/27 MP: 14/16
  4610 | D:5      | Killed Blork the orc
  4655 | D:5      | Found a runed translucent door.
  4656 | D:5      | Noticed Crazy Yiuf
  4669 | D:5      | Killed Crazy Yiuf
  4955 | D:5      | Noticed Menkaure
  4967 | D:5      | Killed Menkaure
  5006 | D:5      | Found a runed translucent door.
  5008 | D:5      | Noticed Fartwhistle's ghost (novice OpTm)
  5033 | D:5      | Killed Fartwhistle's ghost
  5034 | D:5      | Reached XP level 8. HP: 31/31 MP: 16/18
  5578 | D:6      | Found a hide-covered altar of Uskayaw.
  5785 | D:6      | Reached XP level 9. HP: 23/34 MP: 20/20
  5891 | D:6      | Reached skill level 3 in Dodging
  5891 | D:6      | Reached skill level 5 in Air Magic
  6149 | D:6      | Reached skill level 1 in Fighting
  6516 | D:6      | Found Uneuxt's Jewellery Shop.
  6841 | D:7      | Learned a level 4 spell: Anguish
  7237 | D:7      | Reached skill level 1 in Necromancy
  7756 | D:8      | Reached skill level 4 in Dodging
  7771 | D:8      | Found Idaomm's Jewellery Boutique.
  7831 | D:8      | Bought a ring of the Octopus King {rF+ HP+2 AC+2 EV+2 SH+2}
                  | for 859 gold pieces
  7831 | D:8      | Found the ring of the Octopus King {rF+ HP+2 AC+2 EV+2
                  | SH+2}
  8310 | D:8      | Found Hupp's Jewellery Boutique.
  8326 | D:8      | You fall into a shaft and drop 2 floors!
  8326 | D:10     | Entered Level 10 of the Dungeon
  8398 | D:9      | Found a flagged portal.
  8458 | Bailey   | Entered a bailey
  8645 | Bailey   | Reached XP level 10. HP: 40/40 MP: 22/22
  9657 | D:9      | Found a staircase to the Orcish Mines.
  9831 | D:9      | Reached skill level 5 in Dodging
  9968 | D:9      | Noticed Maggie
  9977 | D:9      | Killed Maggie
 10568 | D:10     | Found a staircase to the Lair.
 10892 | D:10     | Reached skill level 10 in Summonings
 10923 | D:10     | Reached XP level 11. HP: 45/45 MP: 24/24
 11037 | D:10     | Reached skill level 1 in Earth Magic
 11593 | D:10     | Noticed a two-headed ogre
 11628 | D:10     | Killed a two-headed ogre
 11643 | D:10     | Reached skill level 5 in Necromancy
 11675 | D:10     | a culicivora changed into a swamp dragon
 11675 | D:10     | Noticed a swamp dragon (shapeshifter)
 11686 | D:10     | a swamp dragon changed into an orb spider
 11686 | D:10     | Noticed an orb spider (shapeshifter)
 11692 | D:10     | an orb spider changed into a dream sheep
 11834 | D:10     | Reached skill level 6 in Dodging
 12590 | Lair:1   | Entered Level 1 of the Lair of Beasts
 12783 | D:10     | Reached skill level 1 in Transmutations
 13995 | Lair:1   | Reached skill level 7 in Dodging
 14050 | Lair:1   | Reached skill level 5 in Fighting
 14053 | Lair:1   | Gained mutation: Your thick and shaggy fur keeps you warm.
                  | (AC +3, rC+) [Felid growth]
 14053 | Lair:1   | Reached XP level 12. HP: 43/51 MP: 17/26
 14191 | Lair:1   | Noticed a four-headed hydra
 14234 | Lair:1   | Killed a four-headed hydra
 14398 | Lair:1   | Noticed a five-headed hydra
 14413 | Lair:1   | Killed a five-headed hydra
 14539 | Lair:1   | Identified a scroll of acquirement
 14539 | Lair:1   | Acquired the ring of Lust {rElec rPois Will+ Dex+3}
 14756 | Lair:2   | Reached skill level 10 in Spellcasting
 14917 | Lair:2   | Acquired the ring "Gewuab" {Fly AC+4 Int+4 Dex-2}
 14970 | Lair:2   | Noticed a five-headed hydra
 14990 | Lair:2   | Killed a five-headed hydra
 14991 | Lair:2   | Reached skill level 8 in Dodging
 15294 | Lair:2   | Noticed a death yak
 15326 | Lair:2   | Killed a death yak
 15327 | Lair:2   | Reached skill level 5 in Transmutations
 15614 | Lair:2   | Noticed a death yak
 15622 | Lair:2   | Killed a death yak
 15623 | Lair:2   | Reached skill level 9 in Dodging
 15834 | Lair:2   | Found a shimmering altar of Xom.
 15836 | Lair:2   | Found a staircase to the Shoals.
 16201 | Lair:2   | Noticed Erica
 16246 | Lair:2   | Killed Erica
 16247 | Lair:2   | Reached XP level 13. HP: 14/57 MP: 24/28
 16565 | Lair:2   | Bought a Fen Folio for 588 gold pieces
 16571 | Lair:2   | Learned a level 5 spell: Summon Forest
 16629 | Lair:3   | Reached skill level 1 in Translocations
 16663 | Lair:3   | Reached skill level 10 in Dodging
 16945 | Lair:3   | Reached skill level 5 in Translocations
 17236 | Lair:3   | Noticed Gastronok
 17283 | Lair:3   | Killed Gastronok
 17452 | Lair:3   | Reached skill level 11 in Dodging
 17722 | Lair:3   | Identified the -2 pair of gloves "Apunove" {rN+ MP+9}
 17823 | Lair:3   | Noticed Nergalle
 17836 | Lair:3   | Killed Nergalle
 18049 | Lair:3   | Found a hole to the Spider Nest.
 18465 | Lair:4   | Found a transporter.
 18465 | Lair:4   | Found a transporter.
 18550 | Lair:4   | Found a viscous altar of Jiyva.
 18572 | Lair:4   | Found a staircase to the Slime Pits.
 18800 | Lair:4   | Noticed Lodigg's ghost (journeyman FoFi)
 18823 | Lair:4   | Reached skill level 10 in Translocations
 19370 | Lair:4   | Reached skill level 12 in Dodging
 19580 | Lair:4   | Found a one-way gate to the infinite horrors of the Abyss.
 19678 | Lair:5   | Entered Level 5 of the Lair of Beasts
 19688 | Lair:5   | Reached XP level 14. HP: 25/64 MP: 15/29
 20272 | Lair:5   | Identified the +2 robe of the Circus Animal {Int+2}
 20308 | Lair:5   | Reached skill level 10 in Fighting
 20308 | Lair:5   | Reached skill level 13 in Dodging
 20997 | Lair:5   | Reached skill level 14 in Dodging
 21364 | Lair:5   | Found a runed translucent door.
 21651 | Lair:5   | Reached XP level 15. HP: 71/71 MP: 28/31
 22112 | Lair:5   | Learned a level 6 spell: Statue Form
 22340 | Orc:1    | Entered Level 1 of the Orcish Mines
 22340 | Orc:1    | You fall into a shaft and drop 1 floor!
 22340 | Orc:2    | Entered Level 2 of the Orcish Mines
 22374 | Orc:2    | Noticed arta456's ghost (journeyman DECj)
 22384 | Orc:2    | Found a runed translucent gate.
 22384 | Orc:2    | Found a runed translucent gate.
 22384 | Orc:2    | Found a runed translucent gate.
 23230 | Orc:1    | Noticed Erolcha
 23235 | Orc:1    | Killed Erolcha
 23622 | Orc:2    | Reached skill level 15 in Dodging
 23662 | Orc:2    | Found Zuskihai's Antique Weapon Emporium.
 23666 | Orc:2    | Found Fowiuq's Antique Armour Shoppe.
 23917 | Orc:2    | Found Utaoqukk's Assorted Antiques.
 23927 | Orc:2    | Bought a scroll of identify for 54 gold pieces
 24001 | Orc:2    | Found a staircase to the Elven Halls.
 24063 | Orc:2    | Found Quduskie's Antique Armour Emporium.
 24266 | Orc:2    | Killed arta456's ghost
 25740 | D:12     | Found a runed translucent gate.
 25740 | D:12     | Found a runed translucent gate.
 25927 | D:12     | Found a portal to a secret trove of treasure.
 25937 | D:12     | You paid a toll of 7 scrolls of blinking to enter a
                  | treasure trove
 25938 | Trove    | Entered a treasure trove
 25946 | Trove    | Identified the amulet of the Republic {Acrobat +Inv rF++
                  | SInv}
 25954 | Trove    | Identified the ring "Kaulyxam" {rF+ rC+ rN+ Int+3 Dex+2}
 25958 | Trove    | Identified the amulet "Tujo" {RegenMP Regen+ Str+4 Dex+5}
 25960 | Trove    | Identified the ring of Mutwin Koske {Fire Int-2 Dex+3 SInv}
 25964 | Trove    | Identified the ring of Xom's Best Wishes {Fly rN+ Dex+6}
 25969 | Trove    | Identified the amulet "Titelent" {Spirit rPois rN++ Int-3}
 26397 | D:12     | Found a runed translucent gate.
 26477 | D:12     | Found Odghul Waekya's Book Boutique.
 26483 | D:12     | Bought an Inescapable Atlas for 512 gold pieces
 26492 | D:12     | Learned a level 7 spell: Storm Form
 26495 | D:12     | Learned a level 2 spell: Blink
 26500 | D:12     | Learned a level 4 spell: Manifold Assault
 26964 | D:12     | Noticed ioannis32's ghost (journeyman DsBe)
 26965 | D:12     | Noticed LLlMATKO's ghost (journeyman MiBe)
 27099 | D:12     | Killed ioannis32's ghost
 27112 | D:12     | Killed LLlMATKO's ghost
 27113 | D:12     | Reached skill level 10 in Transmutations
 27164 | D:13     | Noticed Frances
 27174 | D:13     | Killed Frances
 27212 | D:13     | Found Juoreaq's Jewellery Boutique.
 27308 | D:13     | Killed from afar by a catoblepas
 27309 | D:13     | Reached XP level 14. HP: -2/69 MP: 30/30
 27381 | D:13     | Found Gaqaluw's Book Emporium.
 27487 | D:13     | Found Xiqem's Armour Shoppe.
 27990 | D:14     | Found a viscous altar of Jiyva.
 28521 | D:14     | Reached XP level 15. HP: 73/73 MP: 31/31
 28551 | D:14     | Found a gate to the Vaults.
 28641 | D:14     | Reached skill level 16 in Dodging
 28963 | D:14     | Found a glowing golden altar of the Shining One.
 28964 | D:14     | Found a white marble altar of Elyvilon.
 28965 | D:14     | Found a glowing silver altar of Zin.
 29137 | Lair:2   | Bought a manual of Summonings for 1440 gold pieces
 29277 | D:12     | Bought a Grand Grimoire for 544 gold pieces
 29277 | D:12     | Acquired a book of Weapons
 29787 | D:12     | Identified the +11 short sword "Embalmer" {drain, rPois}
 29917 | D:15     | Entered Level 15 of the Dungeon
 30049 | D:15     | Found a sacrificial altar of Ru.
 30621 | D:15     | Found a staircase to the Depths.
 30881 | D:15     | Identified the staff of fire "Guthrus" {*Corrode rF+ rN+
                  | SInv}
 31255 | Spider:1 | Entered Level 1 of the Spider Nest
 32344 | Spider:2 | Mangled by a pharaoh ant
 32345 | Spider:2 | Reached XP level 14. HP: -13/66 MP: 19/30
 32346 | Spider:2 | Found a transporter.
 32351 | Spider:2 | Noticed an emperor scorpion
 32387 | Spider:2 | Killed an emperor scorpion
 32612 | Spider:2 | Found a transporter.
 33038 | Spider:3 | Reached XP level 15. HP: 45/73 MP: 31/31
 33214 | Spider:3 | Reached skill level 10 in Air Magic
 33635 | Spider:3 | Found a transporter.
 33636 | Spider:3 | Noticed Zosacw's ghost (adept HaHu)
 33667 | Spider:3 | Found a transporter.
 34077 | Spider:4 | Entered Level 4 of the Spider Nest
 34153 | Spider:4 | Identified Roxanne's Almanac of Excavation
 34153 | Spider:4 | Noticed Roxanne
 34219 | Spider:4 | Reached skill level 17 in Dodging
 34766 | Shoals:1 | Entered Level 1 of the Shoals
 34858 | Shoals:1 | Noticed Kirke
 34898 | Shoals:1 | Killed Kirke
 35637 | Shoals:1 | Noticed Nikola
 35652 | Shoals:1 | Killed Nikola
 35776 | Shoals:1 | Noticed Donald
 35801 | Shoals:1 | Killed Donald
 36287 | Shoals:2 | Noticed a kraken
 36312 | Shoals:2 | Killed a kraken
 37361 | Shoals:3 | Reached XP level 16. HP: 76/78 MP: 6/32
 37879 | Shoals:3 | Noticed Louise
 37887 | Shoals:3 | Killed Louise
 37888 | Shoals:3 | Reached skill level 15 in Transmutations
 38246 | Shoals:3 | Noticed Ilsuiw
 38515 | Shoals:3 | Killed Ilsuiw
 38543 | Shoals:3 | Noticed Polyphemus
 38690 | Shoals:3 | Killed Polyphemus
 39700 | Spider:4 | Killed Roxanne
 39990 | Spider:4 | Found a runed translucent door.
 39991 | Spider:4 | Found a shimmering altar of Xom.
 39991 | Spider:4 | Noticed Anuqaetage's ghost (adept HOFi)
 40060 | Spider:4 | Killed Anuqaetage's ghost
 40653 | Spider:4 | Reached skill level 1 in Unarmed Combat
 40992 | Spider:4 | Got a gossamer rune of Zot
 41224 | Shoals:4 | Entered Level 4 of the Shoals
 41224 | Shoals:4 | Noticed Mara
 41241 | Shoals:4 | Noticed baljet's illusion
 41367 | Shoals:4 | Killed Mara
 41421 | Shoals:4 | Reached XP level 17. HP: 65/82 MP: 24/33
 41722 | Shoals:4 | Found the +9 sword of Zonguldrok {reap}
 41947 | Shoals:4 | Got a barnacled rune of Zot
 41989 | Shoals:4 | Reached skill level 5 in Unarmed Combat
 42467 | Elf:1    | Entered Level 1 of the Elven Halls
 42489 | Elf:1    | Found Gaalosi's General Store.
 42542 | Elf:1    | Bought a potion of haste for 170 gold pieces
 42542 | Elf:1    | Bought a scroll of teleportation for 51 gold pieces
 42735 | Elf:1    | HP: 4/82 [+3 glaive of flaming (22)]
 42735 | Elf:1    | HP: 1/82 [+3 glaive of flaming (3)]
 42740 | Elf:1    | Mangled by a +3 glaive of flaming
 42741 | Elf:1    | Reached XP level 16. HP: -7/79 MP: 31/32
 42997 | Elf:1    | Found Yrioggul's Distillery.
 43003 | Elf:1    | Bought a potion of invisibility for 112 gold pieces
 43003 | Elf:1    | Bought a potion of cancellation for 112 gold pieces
 43086 | Elf:1    | Found Pyobiacw's Antique Armour Shop.
 43362 | Elf:1    | Found Alynio's Weapon Shop.
 43443 | Elf:2    | Found a frozen archway.
 43695 | Elf:2    | Slain by a +3 heavy long sword

Illustrated notes

Levels and vault maps discovered:
D:1:      scummos_arrival_hexagon, layout_loops_ring, serial_shops,
          nicolae_shop_gaudy_bauble
D:2:      layout_basic, uniq_jessica
D:3:      minmay_door_path, layout_basic,
          chequers_temple_overflow_statue_of_worship,
          gammafunk_temple_overflow_pools, uniq_sigmund, uniq_grinder
D:4:      layout_loops_corners, temple_green, serial_bayou_lake_a
D:5:      layout_loops_ring, ebering_ghost_reflecting_pool, minmay_manual_moon,
          uniq_blork_the_orc, uniq_menkaure, uniq_crazy_yiuf_cottage
D:6:      layout_basic, serial_shops, shop, minmay_ruined_shrine
D:7:      layout_basic
D:8:      layout_basic, serial_shops, nicolae_shop_rolling_square, shop
D:9:      layout_stronghold, orc_0_dummy, enter_bailey_5, uniq_maggie
D:10:     layout_long_grid, lair_entry_dummy, special_room [special_room_bee],
          eino_small_chamber_without_monster, grunt_potential
D:11:     layout_basic, serial_rivers, chequers_serial_rivers_micro_c,
          chequers_serial_rivers_micro_c, chequers_serial_rivers_room_a,
          chequers_serial_rivers_micro_d
D:12:     kennysheep_seaside_town, layout_basic, nicolae_trove_entry_isolated,
          serial_shops, nicolae_shop_pleasant_corner_grove,
          gammafunk_ghost_cemetery
D:13:     layout_irregular_city, serial_shops, nicolae_book_shop_shelving,
          kennysheep_mini_moat, shop, uniq_frances
D:14:     layout_gridville, hangedman_vaults_entry_quadrant_bands,
          good_gods_temple_1, drop_trap, jiyva_altar_1
D:15:     gammafunk_enter_depths_forms, layout_loops_ring,
          nicolae_ru_the_path_less_chosen
Temple:   minmay_crystal_spiral_temple
Lair:1:   layout_cave_pods, hangedman_lair_generics_rect
Lair:2:   nzn_winding_woodlands_stair_cross [nzn_winding_woodlands_5x15_pool,
          nzn_winding_woodlands_center_triple_pond,
          nzn_winding_woodlands_5x15_parted,
          nzn_winding_woodlands_5x5_open_star,
          nzn_winding_woodlands_5x5_checkerboard,
          nzn_winding_woodlands_5x15_default,
          nzn_winding_woodlands_center_lodge,
          nzn_winding_woodlands_5x15_longhouse], layout_chaotic_city,
          minmay_shoals_entry_beasts, basic_altar, infiniplex_staircase_pool,
          uniq_erica
Lair:3:   layout_gridlike, spider_nest_entry_webs, minmay_hedge_maze,
          bobbens_dragon_lair_wall, uniq_gastronok, uniq_nergalle
Lair:4:   layout_regular_city, nicolae_slime_entry_slimehenge,
          gammafunk_ghost_abyssal_escape, lemuel_fruit_tree
Lair:5:   wormcave, layout_regular_city, hangedman_lair_in_review
Shoals:1: layout_shoals, uniq_kirke, uniq_nikola, uniq_donald
Shoals:2: layout_shoals, hangedman_shoal_volcano
Shoals:3: layout_shoals, argonaut_gorgonesque, uniq_polyphemus, uniq_ilsuiw,
          uniq_louise
Shoals:4: shoals_end_hellmonk_lost_city, serial_shops, uniq_mara
Spider:1: layout_cave_pods, nicolae_spider_checkerboard
Spider:2: gammafunk_boulding_lane
Spider:3: layout_spider_delve, gammafunk_ghost_mausoleum
Spider:4: spider_rune_water, ebering_ghost_xom, uniq_roxanne
Orc:1:    layout_diamond_mine, basic_altar, uniq_erolcha
Orc:2:    grunt_orc_community_town_hall, layout_caves,
          grunt_orc_community_big_house_2, grunt_orc_community_big_house_1,
          grunt_orc_community_house_2, grunt_orc_community_house_3,
          grunt_orc_community_house_2, grunt_orc_community_house_3,
          maelrawn_ghost_gauntlet_escape
Elf:1:    layout_geoelf_octagon, serial_shops, shop_fountains,
          nicolae_shop_tiny_real_fake_doors, nicolae_shop_waterfront, shop
Elf:2:    nicolae_elf_blades_splatter_lattice [nicolae_blade_little_rooms],
          layout_geoelf_octagon, ebering_ghost_disaster_area,
          portal_ice_cave_entry_pillars_three, serial_shops, shop, uniq_azrael

Skill      XL: |  1  2  3  4  5  6  7  8  9 10 11 12 13 14 15 16 17 |
---------------+----------------------------------------------------+-----
Spellcasting   | 4 6 7 8 9 10 11 | 11.0
Summonings     | 5 6 7 8 9 10 11 12 | 12.5
Hexes          | 3 4 5 8 |  8.0
Air Magic      | 3 4 6 7 8 11 13 14 | 14.5
Dodging        | 4 5 7 9 12 14 17 | 17.9
Fighting       | 2 3 5 7 9 13 12 14 | 14.0
Necromancy     | 2 4 5 |  5.0
Earth Magic    | 2 4 |  4.1
Transmutations | 2 5 6 12 14 16 | 16.0
Translocations | 10 | 10.0
Unarmed Combat | 6 5 |  6.4
Stealth        | |  2.6

Action                     |  1- 3 |  4- 6 |  7- 9 | 10-12 | 13-15 | 16-18 || total
---------------------------+-------+-------+-------+-------+-------+-------++-------
  Melee: Unarmed           |   115 |    18 |    56 |    48 |   312 |   424 ||   973
         Bite              |     9 |     2 |    10 |     7 |    61 |    16 ||   105
         Punch             |     3 |     1 |     2 |     1 |     6 |    17 ||    30
   Cast: Summon Small Mamm |    21 |     1 |       |       |       |       ||    22
         Call Imp          |    17 |    12 |    42 |    23 |    93 |     8 ||   195
         Call Canine Famil |     3 |     7 |    47 |    24 |   122 |    17 ||   220
         Summon Guardian G |     2 |     3 |    44 |   103 |   194 |    58 ||   404
         Summon Lightning  |       |       |    11 |    34 |   146 |    55 ||   246
         Anguish           |       |       |       |    13 |   120 |    36 ||   169
         Summon Forest     |       |       |       |       |   119 |    43 ||   162
         Manifold Assault  |       |       |       |       |    27 |    36 ||    63
         Blink             |       |       |       |       |     3 |     2 ||     5
         Storm Form        |       |       |       |       |       |    35 ||    35
 Invoke: Call Merchant     |       |       |       |     1 |     3 |       ||     4
         Potion Petition   |       |       |       |       |     1 |       ||     1
Ability: Blinkbolt         |       |       |       |       |       |    30 ||    30
  Evoke: Lightning rod     |       |       |       |     1 |     1 |       ||     2
         Box of beasts     |       |       |       |       |     1 |     1 ||     2
         Wand              |       |       |       |       |       |     2 ||     2
    Use: Scroll            |     4 |     4 |     9 |     8 |     9 |     2 ||    36
         Potion            |       |       |       |     1 |     6 |     3 ||    10
   Stab: Sleeping          |     2 |     1 |     1 |       |     2 |     2 ||     8
         Distracted        |     1 |       |       |       |    14 |    14 ||    29
         Betrayed ally     |       |       |       |       |     1 |       ||     1
 Armour: Skin              |     3 |     1 |     9 |     9 |    19 |    37 ||    78
  Dodge: Dodged            |   112 |    15 |   206 |   173 |   791 |   841 ||  2138
  Block: Other             |       |       |     5 |    12 |     5 |       ||    22
